 Dungeon Crawl Stone Soup version 0.17-a0-764-gd40c196 (console) character file.

67 sose the Ruffian (level 4, -5/36 (38) HPs)
             Began as a Ghoul Monk on Apr 23, 2015.
             Slain by a gnoll
             ... wielding a +0 halberd
              (9 damage)
             ... on level 2 of the Dungeon.
             The game lasted 00:02:10 (1117 turns).

sose the Ruffian (Ghoul Monk)                       Turns: 1117, Time: 00:02:10

HP:   -5/36 (38)    AC:  2    Str: 19    XL:     4   Next: 16%
MP:   3/3           EV: 18    Int:  6    God:
Gold: 126           SH:  0    Dex: 16    Spells: 0 memorised, 3 levels left

rFire  + . .     SeeInvis .       - Unarmed
rCold  + + .     Clarity  .     a - +0 robe
rNeg   + + +     SustAb   .     (no shield)
rPois  ∞         Gourm    .     (no helmet)
rElec  +         Spirit   .     (no cloak)
rCorr  +         Warding  .     (no gloves)
rMut   .         Stasis   .     (no boots)
MR     .....                    (no amulet)
Stlth  +++.......               (no ring)
                                d - ring of poison resistance

@: mighty, agile, resistant, rotting, not resistant to hostile enchantments,
fairly stealthy
A: rotting body, claws 1, carnivore 3, cold resistance 1, negative energy
resistance 3, slow healing 1, torment resistance, unbreathing
a: no special abilities


You were on level 2 of the Dungeon.
You were not hungry.

You visited 1 branch of the dungeon, and saw 2 of its levels.

You collected 126 gold pieces.

Inventory:

Armour
 a - a +0 robe (worn)
Jewellery
 d - a ring of poison resistance (left claw)
Scrolls
 c - 2 scrolls of immolation {unknown}
 f - 2 scrolls of remove curse {unknown}
 g - a scroll of identify {unknown}
 h - a scroll of enchant weapon {unknown}
Potions
 j - a potion of restore abilities {unknown}
 k - a potion of invisibility {unknown}
 l - a potion of resistance
 m - a potion of agility
 n - a potion of curing {unknown}
Comestibles
 b - a meat ration
 i - a beef jerky


   Skills:
 - Level 3.2 Fighting
 - Level 2.6 Dodging
 - Level 2.1 Stealth
 + Level 6.1 Unarmed Combat


You had 3 spell levels left.
You didn't know any spells.

Dungeon Overview and Level Annotations

Branches:
Dungeon (2/15)

Altars:
Dithmenos


Innate Abilities, Weirdness & Mutations

Your body is rotting away.
You thrive on raw meat.
You are immune to poison.
You have sharp fingernails.
You are carnivorous and can eat meat at any time.
Your flesh is cold resistant.
You are immune to negative energy.
You heal slowly when monsters are visible.
You are immune to unholy pain and torment.
You can survive without breathing.


Message History

You have reached level 4!
The gnoll barely misses you.
Found a scroll labeled BESAHA FAVA.
Eat which item? (? for menu, Esc to quit)
Okay, then.
A rat comes into view.
Found 11 gold pieces.
You see here 11 gold pieces.
A hobgoblin comes into view.
The hobgoblin shouts!
Drink which item? (? for menu, Esc to quit)
It was a potion of agility.
You feel agile all of a sudden. The gnoll misses you.
A hobgoblin opens the door.
Drink which item? (? for menu, Esc to quit)
It was a potion of might.
You feel very mighty all of a sudden.
The gnoll hits you from afar with a halberd!
You die...

#........#.#.###.##..#.###...
#........#.#.###.##..#.# #.##
+###........+...)...##..#.###.##
.............#'#'###.............
......#..##........#.##..#.###.##
......##.##........+.............
...g.. #..#........#.##.........#
......###.#........#.##.........#
................@..#.##.........#
.......##..........#.##.........#
.......###....g....#.##.........#
.......# #.........#.# . ......#
####+#.# #.........#.# ......#
.#.###..##g#+###.##..... ..#
..............$...........
.#.......#...###.##....r
#.....#.#.......# ....


You could see a gnoll and a hobgoblin.

Vanquished Creatures
  An adder (D:1)
  2 gnolls (D:2)
  An ooze (D:1)
  2 giant geckos (D:1)
  A bat (D:1)
  A giant cockroach (D:1)
  3 hobgoblins (D:1)
  10 jackals (D:1)
  5 kobolds (D:1)
  A giant newt (D:1)
  4 rats (D:1)
31 creatures vanquished.

Notes
Turn   | Place    | Note
--------------------------------------------------------------
     0 | D:1      | sose, the Ghoul Monk, began the quest for the Orb.
     0 | D:1      | Reached XP level 1. HP: 19/19 MP: 0/0
    51 | D:1      | Reached skill level 5 in Unarmed Combat
    51 | D:1      | Reached XP level 2. HP: 23/26 MP: 1/1
   402 | D:1      | Reached XP level 3. HP: 21/31 MP: 2/2
  1024 | D:2      | Found a shadowy altar of Dithmenos.
  1089 | D:2      | Reached skill level 6 in Unarmed Combat
  1089 | D:2      | Reached XP level 4. HP: 2/36 MP: 3/3
  1117 | D:2      | Slain by a gnoll

Action                   |  1- 3 |  4- 6 || total
-------------------------+-------+-------++-------
Melee: Unarmed           |    90 |       ||    90
  Use: Potion            |     1 |     2 ||     3
 Stab: Sleeping          |     1 |       ||     1
       Distracted        |     2 |       ||     2
  Eat: Chunk             |     9 |       ||     9
